 Dungeon Crawl Stone Soup version 0.17.1-3-g152610e (webtiles) character file.

221 simples the Chopper (level 5, -1/46 HPs)
             Began as a Minotaur Fighter on Mar 4, 2016.
             Was an Initiate of Okawaru.
             Slain by an ogre
             ... wielding a +0 giant club
              (22 damage)
             ... on level 4 of the Dungeon.
             The game lasted 00:05:28 (3379 turns).

simples the Chopper (Minotaur Fighter)              Turns: 3379, Time: 00:05:28

Health: -1/46      AC:  7    Str: 21    XL:     5   Next: 65%
Magic:  4/4        EV:  9    Int:  5    God:    Okawaru [......]
Gold:   135        SH:  0    Dex: 10    Spells: 0 memorised, 4 levels left

rFire  . . .     SeeInvis .     a - +0 war axe
rCold  . . .     Clarity  .     b - +0 scale mail
rNeg   . . .     SustAt   .     (no shield)
rPois  .         Gourm    .     (helmet restricted)
rElec  .         Spirit   .     (no cloak)
rCorr  .         Warding  .     (no gloves)
rMut   .         Stasis   .     (no boots)
MR     .....                    (no amulet)
Stlth  ..........               (no ring)
                                (no ring)

@: not resistant to hostile enchantments, extremely unstealthy
A: retaliatory headbutt, horns 2
a: Renounce Religion


You were on level 4 of the Dungeon.
You worshipped Okawaru.
Okawaru was noncommittal.
You were not hungry.

You visited 1 branch of the dungeon, and saw 4 of its levels.

You collected 135 gold pieces.

Inventory:

Hand Weapons
 a - a +0 war axe (weapon)
 j - a +1 hand axe of chopping
Armour
 b - a +0 scale mail (worn)
Jewellery
 h - an uncursed ring of protection from cold {unknown}
 k - an uncursed ring of flight {unknown}
 r - an uncursed ring of magical power {unknown}
Wands
 l - a wand of frost (23)
Scrolls
 f - a scroll of amnesia {unknown}
 m - 2 scrolls of magic mapping {unknown}
 p - 3 scrolls of teleportation {unknown}
Potions
 c - a potion of curing
 d - 3 potions of might
 g - 2 potions of agility {unknown}
 i - 2 potions of cancellation {unknown}
 o - 2 potions of mutation {unknown}
 q - a potion of heal wounds {unknown}
 s - 2 potions of poison {unknown}
Comestibles
 e - 6 bread rations
 n - a fruit
 t - a beef jerky
 u - 4 chunks of flesh


   Skills:
 - Level 3.7 Fighting
 + Level 7.1 Axes
 - Level 3.7 Armour
   Level 3.7 Shields


You had 4 spell levels left.
You didn't know any spells.

Dungeon Overview and Level Annotations

Branches:
Dungeon (4/15)
 Temple: D:4-7

Altars:
Dithmenos
Okawaru
Qazlal

Annotations:
D:3 Vahdor's ghost, weakling DsCK


Innate Abilities, Weirdness & Mutations

You reflexively headbutt those who attack you in melee.
You have a pair of horns on your head.


Message History

The scorpion closely misses you.
The crimson imp blinks!
The scorpion barely misses you. You furiously retaliate!
You headbutt the scorpion. The ogre hits you with a giant club!
* * * LOW HITPOINT WARNING * * *
There is an open door, spattered with blood here.
Read which item? (? for menu, Esc to quit)
Okay, then.
Okay, then.
Drink which item? (? for menu, Esc to quit)
It was a potion of curing.
You feel better. The ogre closely misses you. You furiously retaliate!
You headbutt the ogre. The scorpion barely misses you. You furiously retaliate!
You headbutt the scorpion!
You kill the scorpion!
Okawaru accepts your kill.
Your Axes skill increases to level 7!
Drink which item? (? for menu, Esc to quit)
You feel better. The crimson imp barely misses you. You furiously retaliate!
You headbutt the crimson imp! The ogre hits you with a giant club!!
You die...

#.). #... .....#
##.........#
#..........
#...##...####
#...##......#
#....#.....#
+####....#.....#
........5@†....#
..##..<##O.####
#...##..#
#..........
#............
#..............
#..............
##.........(...
#...##..###...


You could see an ogre and a crimson imp.

Vanquished Creatures
  A scorpion (D:4)
  A worker ant (D:3)
  A hound skeleton (D:3)
  4 adders
  An ooze (D:2)
  3 worms
  4 giant geckos
  2 orcs (D:3)
  5 giant cockroaches
  9 hobgoblins
  7 jackals
  11 kobolds
  3 ball pythons
  7 bats
  3 giant newts
  15 goblins
  2 quokkas
  5 rats
84 creatures vanquished.

Notes
Turn   | Place    | Note
--------------------------------------------------------------
     0 | D:1      | simples the Minotaur Fighter began the quest for the Orb.
     0 | D:1      | Reached XP level 1. HP: 19/19 MP: 0/0
   107 | D:1      | Reached XP level 2. HP: 22/27 MP: 1/1
   899 | D:1      | Reached skill level 4 in Axes
   966 | D:1      | Reached XP level 3. HP: 33/33 MP: 2/2
  1688 | D:2      | Reached skill level 5 in Axes
  1718 | D:2      | Reached XP level 4. HP: 38/40 MP: 3/3
  1913 | D:2      | Found an iron altar of Okawaru.
  1963 | D:2      | Became a worshipper of Warmaster Okawaru
  2272 | D:3      | Found a shadowy altar of Dithmenos.
  2288 | D:3      | Noticed Vahdor's ghost (weakling DsCK)
  2569 | D:3      | Reached skill level 6 in Axes
  2786 | D:3      | Found a stormy altar of Qazlal.
  3171 | D:3      | Reached XP level 5. HP: 46/46 MP: 4/4
  3371 | D:4      | Noticed an ogre
  3378 | D:4      | Reached skill level 7 in Axes
  3379 | D:4      | Slain by an ogre

Action                   |  1- 3 |  4- 6 || total
-------------------------+-------+-------++-------
Melee: War axe           |    89 |    72 ||   161
  Use: Potion            |       |     2 ||     2
  Eat: Chunk             |     3 |     5 ||     8
